 Dungeon Crawl Stone Soup version 0.29.1-12-g30fa7ad0bf (webtiles) character file.

Game seed: 14478289567299987213

944 ChadusMaximus the Shield-Bearer (level 7, 0/64 HPs)
             Began as a Minotaur Fighter on Dec 13, 2022.
             Was an Initiate of Okawaru.
             Slain by a gnoll
             ... wielding a +0 spear
             ... led by a gnoll bouda
              (4 damage)
             ... on level 5 of the Dungeon.
             The game lasted 00:03:48 (4538 turns).

ChadusMaximus the Shield-Bearer (Minotaur Fighter)  Turns: 4538, Time: 00:03:48

Health: 0/64       AC:  9    Str: 23    XL:     7   Next: 88%
Magic:  6/6        EV:  8    Int:  5    God:    Okawaru [......]
Gold:   356        SH:  9    Dex:  9    Spells: 6/6 levels left

rFire   . . .      SeeInvis .   a - +0 war axe
rCold   . . .      Faith    .   m - +0 kite shield
rNeg    . . .      Spirit   .   b - +0 scale mail
rPois   .          Reflect  .   (helmet restricted)
rElec   .          Harm     .   p - +0 cloak
rCorr   .          Rampage  .   (no gloves)
Will    .....                   (no boots)
Stlth   ..........              (no amulet)
HPRegen 0.20/turn               (no ring)
MPRegen 0.10/turn               (no ring)

@: no status effects
A: horns 2, retaliatory headbutt
a: Renounce Religion


You were on level 5 of the Dungeon.
You worshipped Okawaru.
Okawaru was noncommittal.
You visited 2 branches of the dungeon, and saw 6 of its levels.

You collected 356 gold pieces.

Inventory:

Hand Weapons
 a - a +0 war axe (weapon)
Missiles
 q - 5 javelins (quivered)
Armour
 b - a +0 scale mail (worn)
 c - a +0 buckler
 m - a +0 kite shield (worn)
 p - a +0 cloak (worn)
Jewellery
 y - a +4 ring of evasion
Wands
 u - a wand of polymorph (8)
Scrolls
 d - a scroll of torment {unknown}
 f - 4 scrolls of identify {unknown}
 j - 5 scrolls of teleportation {unknown}
 k - a scroll of enchant weapon {unknown}
 l - a scroll of enchant armour {unknown}
 o - 2 scrolls of blinking {unknown}
 r - 2 scrolls of magic mapping {unknown}
 s - a scroll of immolation {unknown}
 t - a scroll of vulnerability {unknown}
 w - a scroll of fog {unknown}
Potions
 e - a potion of resistance {unknown}
 g - a potion of attraction {unknown}
 h - a potion of heal wounds {unknown}
 i - a potion of haste {unknown}
 n - 2 potions of curing {unknown}
 v - a potion of might
 x - 2 potions of degeneration {unknown}


   Skills:
 + Level 6.5 Fighting
 + Level 5.9 Axes
 + Level 6.5 Armour
 + Level 6.5 Shields


You had 6 spell levels left.
You didn't know any spells.
Your spell library contained the following spells:

 Spells                   Type           Power      Damage    Failure   Level
 Necrotise                Necr           0%         1d4       97%         1
 Vampiric Draining        Necr           0%         2d6       100%        3
 Agony                    Necr           0%         N/A       100%        5
 Eringya's Noxious Bog    Tmut/Pois      0%         N/A       100%        6
 Summon Forest            Summ/Tloc      Unusable   N/A       N/A         5
 Summon Hydra             Summ           Unusable   N/A       N/A         7

Dungeon Overview and Level Annotations

Branches:
Dungeon (5/15)             Temple (1/1) D:4

Altars:
Dithmenos
Gozag
Makhleb
Nemelex Xobeh
Okawaru
Qazlal
Ru
Uskayaw
Zin
The Shining One

Shops:
D:1 (


Innate Abilities, Weirdness & Mutations

You have a pair of horns on your head.
You reflexively headbutt those who attack you in melee.


Message History

You closely miss the gnoll bouda. You headbutt the gnoll bouda.
The gnoll bouda is almost dead.
You hit the gnoll. You barely miss the phantom. The phantom hits you.
The phantom blinks!
You blink.
Okay, then.
The phantom hits you.
The phantom blinks!
You blink.
The gnoll bouda prays to its god.
The gnoll bouda is healed somewhat.
You completely miss the phantom.
The phantom is moderately damaged.
You hit the gnoll. The gnoll hits you with a +0 club.
The phantom barely misses you. The phantom hits you.
* * * LOW HITPOINT WARNING * * *
The gnoll hits you with a +0 club.
* * * LOW HITPOINT WARNING * * *
You block the gnoll's attack.
You hit the phantom but do no damage.
The phantom is moderately damaged.
You barely miss the gnoll. You hit the gnoll bouda.
The gnoll hits you but does no damage. The phantom barely misses you.
The gnoll bouda hits you with a +0 whip.
* * * LOW HITPOINT WARNING * * *
The gnoll hits you but does no damage.
You barely miss the phantom.
The phantom is moderately damaged.
You barely miss the gnoll bouda. You hit the gnoll.
Your attacks no longer feel as feeble.
The gnoll barely misses you.
The gnoll hits you from afar with a +0 halberd!
* * * LOW HITPOINT WARNING * * *
The phantom barely misses you. You block the gnoll bouda's attack.
The gnoll hits you but does no damage. The gnoll barely misses you.
You block the gnoll's attack.
You slash the gnoll bouda!
You kill the gnoll bouda!
Okawaru accepts your kill.
You closely miss the phantom. You closely miss the gnoll.
The gnoll is no longer moving quickly.
You block the phantom's attack.
The gnoll hits you from afar with a +0 spear.
You die...

#...##..........!#
#...##......##.>.#
#....#......##...#
#....#...........#
....##......##†..#
#...###'######...#
#...##......##gg.#
#.....$.....##..g#
#..........[.#.g@#
#............#..W#
.............#...#
..#.#..#....##...#
##################


You could see a phantom and 4 gnolls.

Vanquished Creatures
  Pikel (D:4)
  3 scorpions
  3 hounds (D:5)
  3 jellies
  A gnoll bouda (D:5)
  5 adders
  A shadow imp (D:5)
  An ufetubus (D:4)
  2 worms
  2 dart slugs
  10 orcs
  5 endoplasms
  3 giant cockroaches (D:4)
  6 goblins
  6 hobgoblins
  3 kobolds
  4 quokkas
  7 ball pythons
  4 bats
  4 frilled lizards
  7 rats
81 creatures vanquished.

Vanquished Creatures (others)
  A plant (D:3)
  4 toadstools (D:4)
5 creatures vanquished.

Grand Total: 86 creatures vanquished

Notes
Turn   | Place    | Note
-------+----------+-------------------------------------------
     0 | D:1      | ChadusMaximus the Minotaur Fighter began the quest for the
                  | Orb.
     0 | D:1      | Reached XP level 1. HP: 19/19 MP: 0/0
   657 | D:1      | Found Nat Koib's Antique Weapon Boutique.
   943 | D:1      | Reached XP level 2. HP: 27/27 MP: 1/1
  1323 | D:2      | Found a faded altar of an unknown god.
  1380 | D:2      | Reached XP level 3. HP: 32/33 MP: 2/2
  1538 | D:2      | Found a stormy altar of Qazlal.
  2408 | D:3      | Reached XP level 4. HP: 37/41 MP: 3/3
  3190 | D:4      | Noticed a lemure
  3190 | D:4      | Noticed a lemure
  3191 | D:4      | Noticed Pikel
  3192 | D:4      | Noticed a lemure
  3192 | D:4      | Noticed a lemure
  3197 | D:5      | Entered Level 5 of the Dungeon
  3204 | D:4      | Found a sparkling altar of Nemelex Xobeh.
  3251 | D:4      | Reached XP level 5. HP: 11/47 MP: 4/4
  3253 | D:4      | Killed Pikel
  3254 | D:4      | Reached skill level 5 in Fighting
  3254 | D:4      | Reached skill level 5 in Axes
  3254 | D:4      | Reached skill level 5 in Armour
  3254 | D:4      | Reached skill level 5 in Shields
  3254 | D:4      | Reached XP level 6. HP: 14/57 MP: 5/5
  3254 | D:4      | Reached XP level 7. HP: 16/62 MP: 6/6
  3741 | D:4      | Found a staircase to the Ecumenical Temple.
  3779 | Temple   | Entered the Ecumenical Temple
  3796 | Temple   | Became a worshipper of Warmaster Okawaru
  4404 | D:5      | Found a sacrificial altar of Ru.
  4538 | D:5      | Slain by a gnoll

Illustrated notes

Levels and vault maps discovered:
D:1:      nicolae_arrival_somewhat_less_tricky_arrival, layout_loops_corners,
          serial_shops, shop
D:2:      layout_basic, basic_altar, dreamdust_ecumenical_altar_grove
D:3:      layout_basic, serial_bayou, serial_bayou_lake_a, serial_bayou_pond_d,
          serial_bayou_shore_b, serial_bayou_pond_d, grunt_ministairs_1,
          minmay_pentangle
D:4:      layout_basic, old_standard_altar, minmay_temple_entry_arrows,
          ebering_dispersal_statue_hall, minmay_gold_behind_fungi, uniq_pikel
D:5:      layout_gridville, amcnicky_altar_gilded
Temple:   nicolae_temple_god_jail

Skill      XL: |  1  2  3  4  5  6  7 |
---------------+----------------------+-----
Fighting       | 4 5 6 |  6.5
Axes           | 3 5 |  5.9
Armour         | 4 5 6 |  6.5
Shields        | 4 5 6 |  6.5

Action                   |  1- 3 |  4- 6 |  7- 9 || total
-------------------------+-------+-------+-------++-------
Melee: War axe           |   102 |    38 |    62 ||   202
       Headbutt          |     7 |     3 |     7 ||    17
Throw: Javelin           |       |     1 |       ||     1
  Use: Potion            |       |     1 |       ||     1
Armor: Scale mail        |    50 |    31 |    39 ||   120
Dodge: Dodged            |    44 |    23 |    36 ||   103
Block: Buckler           |     5 |       |       ||     5
       Kite shield       |    30 |    23 |    40 ||    93
